 Dungeon Crawl Stone Soup version 0.22-a0-891-g4570db1 (webtiles) character file.

994 Hedningen the Protected (level 7, 0/69 HPs)
             Began as a Minotaur Archaeologist on Aug 14, 2019.
             Was an Elder of Uskayaw.
             Slain by an orc warrior
             ... wielding a +0 trident
              (10 damage)
             ... on level 6 of the Dungeon.
             The game lasted 00:09:49 (4333 turns).

Hedningen the Protected (Minotaur Archaeologist)    Turns: 4333, Time: 00:09:49

Health: 0/69       AC: 28    Str: 18    XL:     7   Next: 99%
Magic:  7/7        EV:  3    Int:  9    God:    Uskayaw [****..]
Gold:   96         SH:  0    Dex: 10    Spells: 6/6 levels left

rFire    + . .     SeeInvis +   r - +4 mace
rCold    + . .     Gourm    +   (no shield)
rNeg     . . .     Faith    .   e - +9 scales of the Dragon King {rPois rF+ rC+ MR+}
rPois    +         Spirit   .   c - +1 hat
rElec    .         Reflect  .   (no cloak)
rCorr    .         Harm     .   (no gloves)
MR       +....                  p - +0 pair of boots
Stlth    ..........             y - amulet of the gourmand
HPRegen  0.21/turn              z - ring of see invisible
MPRegen  0.10/turn              (no ring)

@: no status effects
A: retaliatory headbutt, horns 2
a: Stomp, Line Pass, Renounce Religion


You were on level 6 of the Dungeon.
You worshipped Uskayaw.
Uskayaw was noncommittal.
You were completely stuffed.

You visited 2 branches of the dungeon, and saw 7 of its levels.

You collected 276 gold pieces.
You spent 180 gold pieces at shops.

Inventory:

Hand Weapons
 a - a +0 whip
 o - a +0 morningstar
 r - a +4 mace (weapon)
Missiles
 k - 30 poisoned needles
 m - 12 tomahawks (quivered)
Armour
 b - a +1 robe
 c - a +1 hat (worn)
 e - the +9 scales of the Dragon King (worn) {rPois rF+ rC+ MR+}

   It protects you from fire.
   It protects you from cold.
   It protects you from poison.
   It affects your resistance to hostile enchantments.
 n - a +0 chain mail
 p - a +0 pair of boots (worn)
Jewellery
 y - an amulet of the gourmand (around neck)
 z - a ring of see invisible (left hand)
Wands
 w - a wand of iceblast (8)
 x - a wand of digging (14)
Scrolls
 f - 8 scrolls of identify
 h - 4 scrolls of remove curse
 i - a scroll of fog {unknown}
 l - 3 scrolls of enchant armour {unknown}
 q - 2 scrolls of amnesia {unknown}
 t - a scroll of enchant weapon {unknown}
 u - a scroll of blinking {unknown}
 v - a scroll of immolation {unknown}
 A - 4 scrolls of teleportation
 B - a scroll of recharging {unknown}
Potions
 d - a potion of lignification {unknown}
 j - a potion of ambrosia {unknown}
 s - 2 potions of heal wounds
 D - a potion of resistance {unknown}
Comestibles
 g - 7 rations
 C - 3 chunks of flesh


   Skills:
 - Level 8.6 Fighting
 - Level 3.4 Maces & Flails
 - Level 8.6 Armour
 - Level 3.2 Dodging
 - Level 0.7 Stealth
 + Level 1.9 Invocations


You had 6 spell levels left.
You didn't know any spells.
Your spell library contained the following spells:

 Spells                   Type           Power        Failure   Level  Hunger
 Summon Small Mammal      Summ           #...         100%        1    ##.....
 Summon Ice Beast         Ice/Summ       #.......     100%        4    #####..
 Call Imp                 Summ           #.......     100%        2    ###....
 Call Canine Familiar     Summ           #.......     100%        3    ####...
 Summon Lightning Spire   Summ/Air       #.......     100%        4    #####..
 Summon Guardian Golem    Hex/Summ       #.......     100%        3    ####...


Dungeon Overview and Level Annotations

Branches:
Dungeon (6/15)             Temple (1/1) D:5

Altars:
Ashenzari
Elyvilon
Fedhas
Gozag
Jiyva
Kikubaaqudgha
Makhleb
Nemelex Xobeh
Okawaru
Ru
Uskayaw

Shops:
D:4 =


Innate Abilities, Weirdness & Mutations

You reflexively headbutt those who attack you in melee.
You have a pair of horns on your head.


Message History

The orc warrior is lightly wounded.
The bullfrog hits you but does no damage.
The ogre hits you but does no damage.
The orc warrior hits you but does no damage.
The bullfrog hits you. The orc barely misses you.
You hit the orc warrior but do no damage.
The orc warrior is lightly wounded.
The bullfrog hits you.
* * * LOW HITPOINT WARNING * * *
The orc warrior hits you but does no damage.
The ogre hits you but does no damage. The bullfrog hits you.
* * * LOW HITPOINT WARNING * * *
The orc barely misses you.
Evoke which item? (* to show all) (? for menu, Esc to quit)
Okay, then.
You hit the orc warrior but do no damage.
The orc warrior is lightly wounded.
The bullfrog barely misses you.
The orc warrior hits you with a trident!
You die...

..... .##
..... ..#
....###..#
........#
#..#...#
#......#
#......#
#.#.#.FO<#
......o@.#
..#.#..o.#
........#
###.#..#.#
#.#....# #
#....#
#.#### #.


You could see an orc warrior, an ogre, a bullfrog and an orc.

Vanquished Creatures
  The ghost of plsesad the Insei, an amateur DsTm (D:3)
  An ogre (D:5)
  A scorpion (D:5)
  A bullfrog zombie (D:5)
  2 crimson imps (D:5)
  2 hounds
  2 orc priests
  5 orc wizards
  4 worker ants
  2 hound zombies
  8 gnolls
  8 adders
  2 worms
  A dart slug (D:1)
  2 leopard geckos
  13 orcs
  2 ball pythons
  4 giant cockroaches
  5 goblins
  8 hobgoblins
  8 jackals
  3 quokkas
  6 bats
  4 frilled lizards
  5 kobolds
  5 rats
105 creatures vanquished.

Notes
Turn   | Place    | Note
-------+----------+-------------------------------------------
     0 | D:1      | Hedningen the Minotaur Archaeologist began the quest for the Orb.
     0 | D:1      | Reached XP level 1. HP: 19/19 MP: 0/0
   113 | D:1      | Reached skill level 1 in Maces & Flails
   140 | D:1      | Reached XP level 2. HP: 27/27 MP: 1/1
   649 | D:2      | You fall through a shaft!
   652 | D:3      | Noticed plsesad's ghost (amateur DsTm)
   874 | D:3      | Reached XP level 3. HP: 17/33 MP: 2/2
  1080 | D:2      | Reached skill level 1 in Armour
  1574 | D:2      | Reached XP level 4. HP: 39/40 MP: 2/3
  1881 | D:3      | Reached skill level 5 in Armour
  2020 | D:3      | Reached XP level 5. HP: 46/46 MP: 4/4
  2031 | D:3      | Found a blossoming altar of Fedhas.
  2121 | D:3      | Killed plsesad's ghost
  2121 | D:3      | Reached XP level 6. HP: 32/52 MP: 5/5
  2275 | D:3      | You fall through a shaft!
  2401 | D:4      | Found a white marble altar of Elyvilon.
  2728 | D:4      | Found Qakoen's Jewellery Boutique.
  2742 | D:4      | Bought an uncursed ring of see invisible for 180 gold pieces
  2782 | D:4      | Reached skill level 5 in Fighting
  3412 | D:5      | Entered Level 5 of the Dungeon
  3426 | D:5      | Reached XP level 7. HP: 62/63 MP: 6/6
  3805 | D:5      | Found a staircase to the Ecumenical Temple.
  3833 | Temple   | Entered the Ecumenical Temple
  3871 | Temple   | Became a worshipper of Uskayaw the Reveler
  3928 | D:5      | Found an ancient bone altar of Kikubaaqudgha.
  3944 | D:5      | Reached * piety under Uskayaw
  4020 | D:5      | Reached ** piety under Uskayaw
  4024 | D:5      | Reached *** piety under Uskayaw
  4028 | D:5      | Reached **** piety under Uskayaw
  4281 | D:5      | Reached skill level 1 in Invocations
  4333 | D:6      | Slain by an orc warrior

Vault maps used:
D:1:      roderic_crossed_star
D:2:      first_ration, kennysheep_generic_room_3
D:3:      marbit_many_paths
D:4:      old_standard_altar, serial_shops, shop
D:5:      overflow_temple_1_default, minmay_temple_entry_junction_2
D:6:      gammafunk_temple_overflow_wave, roderic_st_hans_cross, uniq_menkaure
Temple:   eino_temple_scatter_basement

Skill      XL: |  1  2  3  4  5  6  7 |
---------------+----------------------+-----
Maces & Flails | 1 3 |  3.4
Armour         | 3 6 8 |  8.6
Fighting       | 6 8 |  8.6
Invocations    | 1 |  1.9
Dodging        | |  3.2
Stealth        | |  0.7

Action                   |  1- 3 |  4- 6 |  7- 9 || total
-------------------------+-------+-------+-------++-------
Melee: Whip              |    94 |    22 |       ||   116
       Headbutt          |     7 |    16 |    15 ||    38
       Mace              |       |   101 |    90 ||   191
       Morningstar       |       |    14 |       ||    14
Throw: Tomahawk          |       |     2 |       ||     2
  Use: Scroll            |     3 |     1 |       ||     4
       Potion            |       |       |     1 ||     1
 Stab: Paralysed         |       |       |     2 ||     2
  Eat: Chunk             |     2 |    20 |     6 ||    28
Armor: Robe              |    15 |       |       ||    15
       Chain mail        |     6 |    44 |       ||    50
       Gold dragon scale |       |    71 |   140 ||   211
Dodge: Dodged            |    61 |    40 |    22 ||   123

Table legend:
 A = Spawn XP
 B = Non-spawn XP
 C = Spawn XP percentage of total XP
 D = Spawn monster count
 E = Non-spawn monster count
 F = Spawn count percentage of total count
 G = Total turns spent on level
                    A         B        C        D         E        F      G
               +---------+---------+-------+---------+---------+-------+---------
         Total |       0 |    1421 |   0.0 |       0 |     105 |   0.0 |  4333
               +---------+---------+-------+---------+---------+-------+---------
           D:1 |       0 |      21 |   0.0 |       0 |      11 |   0.0 |   454
           D:2 |       0 |      72 |   0.0 |       0 |      22 |   0.0 |  1177
           D:3 |       0 |     387 |   0.0 |       0 |      34 |   0.0 |   930
           D:4 |       0 |     215 |   0.0 |       0 |      11 |   0.0 |   851
           D:5 |       0 |     645 |   0.0 |       0 |      25 |   0.0 |   848
           D:6 |       0 |      81 |   0.0 |       0 |       2 |   0.0 |    20
               +---------+---------+-------+---------+---------+-------+---------
